[Event "WA State Championship"]
[Site "Legacy House, South Perth"]
[Date "2006.08.13"]
[Round "7"]
[White "Saxon, M"]
[Black "Haselgrove, M"]
[Result "0-1"]
[WhiteElo "1702"]
[BlackElo "1751"]
[ECO "B10"]
[EventDate "2006.07.02"]
[TimeControl "5400+60"]

1.e4 c6 2.Nc3 d5 3.Nf3 dxe4 4.Nxe4 Nd7 5.Bc4 e6 6.d4 Ngf6 7.Qe2 Nxe4 8.
Qxe4 Nf6 9.Qh4 Be7 10.g4 b5 11.Bd3 Qd5 12.Qg3 h5 13.g5 Bd6 14.Bf4 h4 15.
Qg1 Bxf4 16.gxf6 Qxf3 17.fxg7 Rg8 18.Be2 Qe4 19.f3 Qxc2 20.Qg4 Qd2+ 21.Kf1
Qxd4 22.Rd1 Qf6 23.Rg1 Bxh2 24.Qe4 Bd7 25.Bxb5 Qe5 26.Bxc6 Qxe4 27.Bxe4 
Bxg1 28.Bxa8 Rxg7 29.Ke2 Bb5+ 30.Kd2 h3 31.f4 Bc4 32.Rc1 Bd5 33.Bxd5 exd5 
34.Rc8+ Kd7 35.Rh8 h2 36.Kc3 d4+ 37.Kd3 Ke6 38.b4 Kf5 39.a4 Kxf4 40.Ke2 
d3+ 0-1

[Event "WA State Championship"]
[Site "Legacy House, South Perth"]
[Date "2006.08.13"]
[Round "7"]
[White "Dix, P"]
[Black "Whitehead, P"]
[Result "1/2-1/2"]
[WhiteElo "1803"]
[BlackElo "1582"]
[ECO "D06"]
[EventDate "2006.07.02"]
[TimeControl "5400+60"]

1.d4 d5 2.c4 Bf5 3.Nc3 e6 4.Nf3 Nf6 5.Bg5 Be7 6.e3 Nbd7 7.Bd3 Bg6 8.O-O 
dxc4 9.Bxg6 hxg6 10.Qa4 Nd5 11.Bxe7 Nxc3 12.Qxc4 Qxe7 13.Qxc3 Qd6 14.Rfc1 
c6 15.b4 f6 16.Rab1 Qd5 17.a4 Kf7 18.b5 Rac8 19.bxc6 Rxc6 20.Qd3 Rhc8 21.
Rxc6 Qxc6 22.h3 b6 23.Qb5 Ke7 24.Qb4+ Qd6 25.Qb3 Qc6 26.Qd3 Qc2 27.Qa3+ 
Ke8 28.Ra1 Qc3 29.Qa2 Ke7 30.Nd2 f5 31.Nb3 Qb4 32.Rb1 Qd6 33.Nd2 Nf6 34.a5
Qd5 35.Qa3+ Kd7 36.axb6 axb6 37.Rxb6 Rc7 38.Nf3 Rb7 39.Ne5+ Kc7 40.Qc5+ 
Qxc5 41.Rxb7+ Kxb7 42.dxc5 g5 43.Kf1 Kc7 44.Ke2 Ne4 45.c6 Nc3+ 46.Kf3 Nd5 
47.e4 Ne7 48.exf5 exf5 49.g4 g6 50.Nf7 Kxc6 51.Nxg5 Kd5 52.Kf4 Kd6 53.Nf3 
fxg4 54.hxg4 Ke6 55.Kg5 Kf7 56.Ne5+ Kg7 57.f4 Kh7 58.Nxg6 Nxg6 59.f5 Ne5 
60.Kf4 Nf7 61.g5 Kg7 62.g6 Nh8 63.Kg5 Nf7+ 64.gxf7 Kxf7 1/2-1/2

[Event "WA State Championship"]
[Site "Legacy House, South Perth"]
[Date "2006.08.13"]
[Round "7"]
[White "Hessing, R"]
[Black "Deheer, A"]
[Result "0-1"]
[WhiteElo "1607"]
[BlackElo "1530"]
[ECO "A02"]
[EventDate "2006.07.02"]
[TimeControl "5400+60"]

1.f4 e5 2.fxe5 d6 3.Nf3 dxe5 4.e4 Nc6 5.Bb5 Bd7 6.O-O Bc5+ 7.Kh1 Nge7 8.
Bxc6 Nxc6 9.c3 Bg4 10.b4 Bb6 11.a4 a6 12.Na3 Qd3 13.b5 Na5 14.Nxe5 Bxd1 
15.Nxd3 Be2 16.Rf3 Bxf3 17.gxf3 O-O-O 18.Ne5 Nb3 19.Rb1 Nxc1 20.Rxc1 Rxd2 
21.Nac4 Rf2 22.Nxf7 Rf8 23.Nce5 Be3 24.Rb1 Bf4 25.bxa6 Rxh2+ 26.Kg1 bxa6 
27.c4 Rh5 0-1

[Event "WA State Championship"]
[Site "Legacy House, South Perth"]
[Date "2006.08.13"]
[Round "7"]
[White "Jahangirian, M"]
[Black "Slack-Smith, B"]
[Result "1-0"]
[WhiteElo "1679"]
[BlackElo "1309"]
[ECO "B07"]
[EventDate "2006.07.02"]
[TimeControl "5400+60"]

1.e4 d6 2.d4 Nf6 3.Bd3 g6 4.c3 Bg7 5.Ne2 Nbd7 6.Nd2 c5 7.h3 a6 8.Nf3 b5 9.
Be3 Bb7 10.Ng3 cxd4 11.cxd4 O-O 12.Qd2 e5 13.d5 Nc5 14.Bc2 Qe7 15.O-O Rac8
16.Rac1 Rc7 17.Bh6 Bc8 18.Bxg7 Kxg7 19.Qg5 h6 20.Qd2 Nh7 21.h4 Nb7 22.Bb3 
Re8 23.Rxc7 Qxc7 24.Rc1 Qb8 25.Qc3 Bd7 26.Qc7 Rd8 27.Qb6 Qa8 28.Rc7 Bc8 
29.Qc6 Nf6 30.Qc3 Bd7 31.Nxe5 dxe5 32.Qxe5 Qb8 33.d6 Qa7 34.Bd5 Re8 35.Qc3
Qb6 36.Rxd7 Nxd6 37.Rc7 Qb8 38.Rc6 Qd8 39.Rxa6 Kh7 40.Qd3 Qe7 41.f3 Qe5 
42.Nf1 Nh5 43.Bb3 Rd8 44.Qd5 Qe7 45.Qc5 Qd7 46.Ra7 Qe8 47.e5 Nc4 48.Bxc4 
bxc4 49.Qxc4 Qxe5 50.Qxf7+ Ng7 51.Rd7 Rxd7 52.Qxd7 Qxb2 53.Qd2 1-0

[Event "WA State Championship"]
[Site "Legacy House, South Perth"]
[Date "2006.08.13"]
[Round "7"]
[White "Choong, Y"]
[Black "Balaji, S"]
[Result "1-0"]
[WhiteElo "1729"]
[BlackElo "1134"]
[ECO "B50"]
[EventDate "2006.07.02"]
[TimeControl "5400+60"]

1.e4 c5 2.Nf3 d6 3.c3 Nf6 4.h3 Nbd7 5.Bd3 a6 6.a4 Qc7 7.Qe2 e6 8.Bc2 Be7 
9.O-O O-O 10.d4 cxd4 11.Nxd4 Re8 12.f4 e5 13.Nf5 Nc5 14.g4 Qc6 15.Nd2 Bd8 
16.b4 Bxf5 17.gxf5 Ncd7 18.Bb2 exf4 19.Rxf4 d5 20.Qg2 Bb6+ 21.Kh1 Be3 22.
exd5 Qd6 23.Rff1 Nh5 24.Rf3 Nf4 25.Nc4 Qh6 26.Qf1 Nxd5 27.Rd1 N7f6 28.Nd6 
Re7 29.Bb3 Nb6 30.Qd3 Bf4 31.Nxf7 Rxf7 32.Qd8+ Rxd8 33.Rxd8+ Ne8 1-0

[Event "WA State Championship"]
[Site "Legacy House, South Perth"]
[Date "2006.08.13"]
[Round "7"]
[White "O'Shaughnessy, D"]
[Black "Markou, V"]
[Result "0-1"]
[WhiteElo "1371"]
[BlackElo "1426"]
[ECO "D56"]
[EventDate "2006.07.02"]
[TimeControl "5400+60"]

1.d4 d5 2.c4 e6 3.Nc3 Nf6 4.Bg5 Be7 5.e3 O-O 6.Nf3 h6 7.Bh4 Ne4 8.Bxe7 
Qxe7 9.Nxe4 dxe4 10.Nd2 e5 11.Be2 exd4 12.exd4 c6 13.O-O e3 14.Nf3 exf2+ 
15.Rxf2 Be6 16.Qc2 Nd7 17.Re1 Nf6 18.Bd3 Rad8 19.Rfe2 Qd7 20.h3 Nh5 21.Re5
Nf4 22.b3 f6 23.R5e4 Nxd3 24.Qxd3 Bf5 25.Qd2 Bxe4 26.Rxe4 Rfe8 27.Rg4 h5 
28.Rh4 Qf5 29.Rf4 Qe6 30.Rh4 Qf5 31.Rf4 Qb1+ 32.Kh2 Re7 33.Qa5 Rde8 34.
Qxh5 Qh7 35.Qc5 a6 36.Rh4 Qg6 37.Rg4 Qf7 38.Nh4 Re4 39.Rxe4 Rxe4 40.Nf5 
Qc7+ 41.Qd6 Qxd6+ 42.Nxd6 Re2 43.Nxb7 Rxa2 44.Nd8 Ra3 45.Kg3 Rxb3+ 46.Kf4 
c5 47.Ke4 cxd4 48.Kxd4 a5 49.Ne6 Kf7 50.Nc5 Rb2 0-1

[Event "WA State Championship"]
[Site "Legacy House, South Perth"]
[Date "2006.08.13"]
[Round "7"]
[White "Garcia, M"]
[Black "Laugery, B"]
[Result "1-0"]
[WhiteElo "1480"]
[BlackElo "1264"]
[ECO "E04"]
[EventDate "2006.07.02"]
[TimeControl "5400+60"]

1.Nf3 Nf6 2.d4 d5 3.c4 dxc4 4.g3 e6 5.Bg2 Bb4+ 6.Bd2 Bxd2+ 7.Nbxd2 c6 8.
O-O O-O 9.Nxc4 b5 10.Nce5 Bb7 11.Rc1 h6 12.Rc2 Qb6 13.e3 a5 14.Nd2 Ra6 15.
Nb3 Qa7 16.Nc5 Rb6 17.Qd2 a4 18.a3 Qa8 19.Rfc1 Re8 20.Ned3 Rc8 21.Nb4 Nfd7
22.Ncd3 Rd8 23.Qe2 Rc8 24.Nc5 Re8 25.Bf3 Nf6 26.Qf1 Nd5 27.Bxd5 exd5 28.
Ncd3 Nd7 29.Nc5 Nb8 30.Rc3 Rc8 31.Qd3 Rd8 32.Qc2 Rd6 33.Qf5 Rd8 34.Qf4 Rc8
35.Qd6 Na6 36.Nd7 Qa7 37.Nxb6 Qxb6 38.Nxd5 Rd8 39.Ne7+ Kh8 40.Qf4 Rf8 41.
Ng6+ fxg6 42.Qxf8+ Kh7 43.Qd6 Qa7 44.e4 Qa8 45.Rf3 Qe8 46.e5 Kg8 47.e6 c5 
48.d5 c4 49.e7 1-0

[Event "WA State Championship"]
[Site "Legacy House, South Perth"]
[Date "2006.08.13"]
[Round "7"]
[White "Gilmetdinov, E"]
[Black "Humphries, R"]
[Result "0-1"]
[WhiteElo "1300"]
[BlackElo "1429"]
[ECO "E91"]
[EventDate "2006.07.02"]
[TimeControl "5400+60"]

1.d4 Nf6 2.c4 g6 3.Nc3 Bg7 4.e4 d6 5.Nf3 O-O 6.Be2 Nfd7 7.O-O e5 8.d5 a5 
9.Be3 b6 10.Nb5 Nc5 11.Nd2 f5 12.f3 Nbd7 13.Qc2 Nf6 14.a3 a4 15.Nc3 Kh8 
16.Bxc5 bxc5 17.exf5 Bxf5 18.Bd3 Qd7 19.Nde4 Qe8 20.Ng5 Bd7 21.Nb5 Qc8 22.
Ne6 Bxe6 23.dxe6 Re8 24.Be4 Ra6 25.Nc3 Ra5 26.Bc6 Rxe6 27.Nxa4 Qa6 28.b4 
Qxc6 29.bxa5 e4 30.Rae1 Qa8 31.Nc3 e3 32.Nd1 Qxa5 33.Rxe3 Rxe3 34.Nxe3 
Qxa3 35.Qc1 Qb4 36.Re1 Kg8 37.Kh1 Kf7 38.Nd5 Nxd5 39.cxd5 Qb3 40.Qf4+ Bf6 
41.Qe4 Qb4 42.Qxb4 cxb4 43.Rc1 Bc3 44.g4 g5 45.Kg2 Kf6 46.Kf2 Ke5 47.Rd1 
Bd4+ 48.Ke2 Kxd5 49.Kd3 b3 50.Rb1 c5 51.Rc1 b2 52.Rd1 c4+ 53.Kc2 c3 54.Kb3
Kc5 55.h3 Bh8 56.Kc2 d5 57.Kb3 d4 58.Kc2 Kb4 59.Kb1 Kb3 60.Rd3 Kc4 0-1

[Event "WA State Championship"]
[Site "Legacy House, South Perth"]
[Date "2006.08.13"]
[Round "7"]
[White "Williams, W"]
[Black "Bailye, R"]
[Result "0-1"]
[WhiteElo "640"]
[BlackElo "1143"]
[ECO "C50"]
[EventDate "2006.07.02"]
[TimeControl "5400+60"]

1.e4 e5 2.Nf3 Nc6 3.Bc4 d6 4.h3 h6 5.Nc3 Be7 6.d4 exd4 7.Nxd4 Nxd4 8.Qxd4 
Bf6 9.Qd3 Ne7 10.Qg3 Ng6 11.O-O O-O 12.Nd5 Be5 13.Qf3 c6 14.Nf4 Nxf4 15.
Bxf4 Qf6 16.Bxe5 Qxf3 17.gxf3 dxe5 18.Kh2 b5 19.Bb3 Be6 20.Bxe6 fxe6 21.
Kg3 Rad8 22.Rad1 Kf7 23.h4 Ke7 24.Rc1 Rd4 25.Rfd1 Rfd8 26.Rxd4 exd4 27.Kg4
g6 28.h5 g5 29.f4 Rg8 30.Rd1 c5 31.c3 gxf4+ 32.Kxf4 Rf8+ 33.Kg3 e5 34.cxd4
Rd8 35.d5 Kd6 36.Kg4 Rg8+ 37.Kf5 Rg5+ 38.Kf6 Rxh5 39.Kg6 Rh4 40.f3 h5 41.
Kg5 Rh3 42.f4 Rg3+ 43.Kh4 Rg4+ 44.Kxh5 Rxf4 45.Kg5 Rxe4 46.Kf5 Rd4 0-1

[Event "WA State Championship"]
[Site "Legacy House, South Perth"]
[Date "2006.08.13"]
[Round "7"]
[White "Williams, Verity"]
[Black "Sam, R"]
[Result "0-1"]
[WhiteElo "634"]
[BlackElo "1091"]
[ECO "D02"]
[EventDate "2006.07.02"]
[TimeControl "5400+60"]

1.d4 d5 2.Nf3 Nc6 3.g3 Bf5 4.Bg2 Nf6 5.O-O e6 6.Nbd2 Bd6 7.c4 Qd7 8.c5 Be7
9.b4 a6 10.a3 Ne4 11.Qb3 O-O 12.Ne5 Nxd2 13.Bxd2 Nxe5 14.dxe5 f6 15.exf6 
Bxf6 16.Bc3 Rac8 17.Bxf6 Rxf6 18.Rad1 Qb5 19.Rfe1 a5 20.Bxd5 exd5 21.Qxd5+
Be6 22.Qd3 Qxd3 23.Rxd3 axb4 24.axb4 Kf8 25.Red1 Ke7 26.f4 Rff8 27.Re3 Kf7
28.Red3 Ra8 29.Kf2 Rfe8 30.e4 Ra2+ 31.Kg1 Rea8 32.f5 Bc8 33.R3d2 Rxd2 34.
Rxd2 Ke7 35.Kf2 Ra1 36.Kf3 Rb1 37.Rd4 Ra1 38.Kf4 Bd7 39.h4 Ra8 40.g4 Rd8 
41.h5 Bb5 42.Rxd8 Kxd8 43.g5 Be8 44.h6 g6 45.Ke5 Ke7 46.b5 Kf7 47.b6 cxb6 
48.cxb6 Ke7 49.f6+ Kd7 50.Kd5 Bf7+ 51.Kc5 Ke6 52.Kd4 Kd6 53.e5+ Kc6 54.Kc3
Kd5 55.Kb4 Kxe5 56.Kc5 Be6 57.Kb5 Kf5 58.Kc5 Kxg5 59.Kd6 Kxf6 60.Kc7 Bd5 
61.Kd6 Bc6 62.Kc5 Ke5 63.Kc4 Ke4 64.Kc3 Ke3 65.Kc2 g5 66.Kd1 g4 67.Ke1 g3 
68.Kf1 g2+ 69.Kg1 Ke2 0-1

[Event "WA State Championship"]
[Site "Legacy House, South Perth"]
[Date "2006.08.20"]
[Round "8"]
[White "Holland, D"]
[Black "Barber, H"]
[Result "0-1"]
[WhiteElo "1739"]
[BlackElo "2142"]
[ECO "A81"]
[EventDate "2006.07.02"]
[TimeControl "5400+60"]

1.d4 f5 2.g3 Nf6 3.Bg2 g6 4.Nh3 Bg7 5.O-O O-O 6.c3 c6 7.Qb3+ Kh8 8.Nd2 d6 
9.Ng5 Qe8 10.Ne6 Bxe6 11.Qxb7 Qd7 12.Qxa8 Bd5 13.c4 Bxg2 14.Kxg2 Na6 15.
Qxf8+ Bxf8 16.Nf3 h6 17.b4 Qe6 18.b5 Nc7 19.bxc6 Qxc4 20.Rb1 g5 21.Rb8 Kg8
22.Bd2 Nfe8 23.Rfb1 Kf7 24.Ba5 g4 25.Rc8 gxf3+ 26.exf3 Qa6 27.Rxe8 Nxe8 
28.c7 Nxc7 29.Bxc7 Bg7 30.Rb4 Qxa2 31.Rb7 Bxd4 32.Bxd6 Qxf2+ 33.Kh3 Qf1+ 
0-1

[Event "WA State Championship"]
[Site "Legacy House, South Perth"]
[Date "2006.08.20"]
[Round "8"]
[White "Hare, T"]
[Black "Haselgrove, M"]
[Result "1/2-1/2"]
[WhiteElo "2067"]
[BlackElo "1751"]
[ECO "A34"]
[EventDate "2006.07.02"]
[TimeControl "5400+60"]

1.c4 Nf6 2.Nc3 c5 3.g3 g6 4.Bg2 Bg7 5.f4 Nc6 6.Nf3 d6 7.d3 Rb8 8.O-O O-O 
9.h3 h5 10.e4 e6 11.Be3 Ne8 12.Rc1 Nd4 13.Bxd4 cxd4 14.Ne2 e5 15.c5 f6 16.
Qb3+ Kh7 17.fxe5 dxe5 18.Kh2 Bh6 19.Rc2 Bd7 20.Qa3 a6 21.b4 Nc7 22.Nd2 
Bxd2 23.Rxd2 g5 24.Qc1 Qe8 25.Qe1 Kg7 26.Nc1 g4 27.h4 Nb5 28.Nb3 Nc3 29.
Na5 Be6 30.Nc4 Bxc4 31.dxc4 Qe6 32.Rf5 Kg6 33.Bf1 Qc6 34.Bd3 Qa4 35.Qf1 
Rf7 36.b5 Qb4 37.Rdf2 Rbf8 38.c6 bxc6 39.bxc6 Qd6 40.c5 Qxc6 41.Bc4 Re7 
42.Bd5 Nxd5 43.exd5 Qxd5 44.Rxf6+ Rxf6 45.Rxf6+ Kg7 46.Qxa6 Qe4 47.Rf2 Rf7
48.Rxf7+ Kxf7 49.Qc4+ Ke7 50.c6 Qe3 51.c7 Qf2+ 52.Kh1 Qf3+ 53.Kg1 Qd1+ 54.
Kf2 Qd2+ 1/2-1/2

[Event "WA State Championship"]
[Site "Legacy House, South Perth"]
[Date "2006.08.20"]
[Round "8"]
[White "Choong, Y"]
[Black "Haasse, A"]
[Result "1/2-1/2"]
[WhiteElo "1729"]
[BlackElo "2057"]
[ECO "B40"]
[EventDate "2006.07.02"]
[TimeControl "5400+60"]

1.e4 c5 2.Nf3 e6 3.d4 cxd4 4.Nxd4 Nf6 5.Nc3 Bb4 6.Bd3 Nc6 7.Ne2 d5 8.exd5 
Nxd5 9.Bd2 O-O 10.O-O a6 11.a3 Be7 12.Nxd5 exd5 13.Bc3 Bf6 14.Bxf6 Qxf6 
15.c3 Ne5 16.Nd4 h5 17.Be2 h4 18.Bf3 Be6 19.Qe2 Rfe8 20.Rfe1 Ng6 21.Bg4 
Bxg4 22.Qxg4 Re5 23.Rxe5 Nxe5 24.Qf5 Qxf5 25.Nxf5 Nc6 26.Nxh4 d4 27.cxd4 
Nxd4 28.Rd1 Rc8 29.Kf1 Rc4 30.Nf3 Nxf3 31.gxf3 Rc2 32.Rb1 Kf8 33.Kg2 Ke7 
34.b3 Kd6 35.Rd1+ Kc6 36.Rd3 b5 37.b4 Kc7 38.f4 Rc6 39.Kf3 Rh6 40.Kg3 Rg6+
1/2-1/2

[Event "WA State Championship"]
[Site "Legacy House, South Perth"]
[Date "2006.08.20"]
[Round "8"]
[White "Kueh, M"]
[Black "Fedec, J"]
[Result "1-0"]
[WhiteElo "1868"]
[BlackElo "1825"]
[ECO "C33"]
[EventDate "2006.07.02"]
[TimeControl "5400+60"]

1.f4 e5 2.e4 exf4 3.Bc4 Qh4+ 4.Kf1 d5 5.Bxd5 Qe7 6.d3 g5 7.Nc3 Bh6 8.Bb3 
c6 9.e5 Nd7 10.d4 Nb6 11.Ne4 Nd5 12.Nd6+ Kf8 13.Bxd5 cxd5 14.b3 Bg7 15.Ba3
1-0

[Event "WA State Championship"]
[Site "Legacy House, South Perth"]
[Date "2006.08.20"]
[Round "8"]
[White "Dunlop, G"]
[Black "Johnstone, R"]
[Result "1-0"]
[WhiteElo "1802"]
[BlackElo "1666"]
[ECO "C61"]
[EventDate "2006.07.02"]
[TimeControl "5400+60"]

1.e4 e5 2.Nf3 Nc6 3.Bb5 Nd4 4.Nxd4 exd4 5.O-O c6 6.Bd3 Ne7 7.b3 Ng6 8.Bb2 
Bc5 9.Qh5 d6 10.f4 O-O 11.f5 Ne5 12.f6 gxf6 13.b4 Bb6 14.Na3 Be6 15.Rf4 
Ng6 16.Rf3 c5 17.bxc5 dxc5 18.Raf1 Kg7 19.Nc4 Qd7 20.e5 f5 21.Bxf5 Bxf5 
22.Rxf5 Rae8 23.Ne3 Qe7 24.Ng4 Qh4 25.Qxh4 Nxh4 26.Rh5 Ng6 27.Nf6 h6 28.
Nxe8+ Rxe8 29.d3 Nxe5 30.Bc1 Re6 31.Rhf5 Kg6 32.R5f4 h5 33.Re4 Bc7 34.Rfe1
b5 35.Bf4 f6 36.Bxe5 fxe5 37.g3 a6 38.Kg2 Bd6 39.h3 Re8 40.Rh4 Kg5 41.Rhe4
Rc8 42.Rf1 c4 43.g4 cxd3 44.Rf5+ Kg6 45.cxd3 hxg4 46.hxg4 Rc3 47.Rf3 Rc2+ 
48.Rf2 Rc3 49.Rd2 b4 50.Re1 Kg5 51.Kf3 a5 52.Ke4 a4 53.Rb1 b3 54.axb3 axb3
55.Rdb2 Bc7 56.Rxb3 Rxb3 57.Rxb3 Ba5 58.Rb5 Bc3 59.Rxe5+ Kxg4 60.Rd5 Bb2 
61.Rxd4 1-0

[Event "WA State Championship"]
[Site "Legacy House, South Perth"]
[Date "2006.08.20"]
[Round "8"]
[White "Leonhardt, W"]
[Black "Humphries, R"]
[Result "1-0"]
[WhiteElo "1934"]
[BlackElo "1429"]
[ECO "D03"]
[EventDate "2006.07.02"]
[TimeControl "5400+60"]

1.d4 d5 2.Nf3 Nf6 3.Bg5 Bf5 4.Nh4 Bc8 5.Nf3 Bf5 6.h3 h6 7.Bf4 e6 8.e3 c5 
9.c3 Nc6 10.Be2 Qa5 11.dxc5 Bxc5 12.Nbd2 Qd8 13.O-O O-O 14.Nd4 Bh7 15.N2f3
Bd6 16.Bxd6 Qxd6 17.Qb3 a6 18.a4 e5 19.Nxc6 bxc6 20.Rac1 a5 21.Rfd1 Rab8 
22.Qa2 Rb6 23.c4 Rb7 24.cxd5 cxd5 25.Bb5 Rd8 26.Rc6 Qb8 27.Qb3 Bf5 28.Rdc1
Ne4 29.Ra6 Rc7 30.Qd1 Qc8 31.Rac6 Rxc6 32.Rxc6 Qb8 33.Ra6 Qc7 34.Qe1 Rc8 
35.Rc6 Qb8 36.Qc1 f6 37.Nd2 Nd6 38.Rxc8+ Qxc8 39.Qxc8+ Nxc8 40.Nb3 Nb6 41.
Nxa5 Bc2 42.b3 d4 43.exd4 exd4 44.Kf1 Kf7 45.Ke1 Ke6 46.Kd2 Be4 47.f3 Bg6 
48.Nc6 1-0

[Event "WA State Championship"]
[Site "Legacy House, South Perth"]
[Date "2006.08.20"]
[Round "8"]
[White "Deheer, A"]
[Black "Dix, P"]
[Result "1-0"]
[WhiteElo "1530"]
[BlackElo "1803"]
[ECO "D00"]
[EventDate "2006.07.02"]
[TimeControl "5400+60"]

1.d4 d5 2.e3 Nf6 3.Bd3 g6 4.Nd2 Bg7 5.f4 O-O 6.Ngf3 c5 7.c3 b6 8.Ne5 Ba6 
9.Qe2 Bxd3 10.Qxd3 Nbd7 11.h3 e6 12.g4 Qc7 13.b3 Nxe5 14.fxe5 Nd7 15.g5 
Nxe5 16.dxe5 Qxe5 17.Bb2 Qg3+ 18.Kd1 d4 19.cxd4 cxd4 20.Bxd4 Bxd4 21.Qxd4 
Rfd8 22.Qb4 Qxe3 23.Re1 Qxg5 24.Rc1 Rxd2+ 25.Qxd2 Rd8 26.Re2 Rxd2+ 27.Rxd2
Qh5+ 28.Ke1 Qh4+ 29.Kd1 Qxh3 30.Rd7 Qh1+ 31.Kd2 Qg2+ 32.Kd1 Qxa2 33.Rc3 a5
34.Rf3 Qb1+ 35.Kd2 Qb2+ 36.Kd1 f5 37.Rfd3 a4 38.Rb7 Qa1+ 39.Ke2 Qe5+ 40.
Kd1 Qf6 41.bxa4 e5 42.Rdd7 Qf8 43.Rxb6 e4 44.Rbb7 f4 45.Rg7+ Qxg7 46.Rxg7+
Kxg7 47.a5 Kf6 48.a6 Kg5 49.a7 Kg4 50.a8=Q Kf3 51.Ke1 g5 52.Qh8 e3 53.Qxh7
g4 54.Qh5 Kg3 55.Qe5 Kf3 56.Qd5+ Kg3 57.Qe4 f3 58.Qxe3 1-0

[Event "WA State Championship"]
[Site "Legacy House, South Perth"]
[Date "2006.08.20"]
[Round "8"]
[White "Whitehead, P"]
[Black "Shaw, R"]
[Result "0-1"]
[WhiteElo "1582"]
[BlackElo "1711"]
[ECO "A80"]
[EventDate "2006.07.02"]
[TimeControl "5400+60"]

1.d4 f5 2.Nc3 Nf6 3.Bg5 e6 4.g4 Be7 5.gxf5 exf5 6.Qd3 d6 7.Bg2 c6 8.O-O-O 
d5 9.Nh3 Ne4 10.Bxe7 Qxe7 11.Nxe4 dxe4 12.Qc3 Be6 13.e3 Nd7 14.Nf4 Nf6 15.
h3 O-O-O 16.Qa5 b6 17.Qe5 Rhe8 18.Bf1 Qd6 19.Ba6+ Kd7 20.c4 Ke7 21.Qxd6+ 
Rxd6 22.Nxe6 Kxe6 23.Rhg1 g6 24.Bb7 Red8 25.Rd2 Rb8 26.Ba6 b5 27.a4 bxc4 
28.Bxc4+ Nd5 29.Rc2 Kd7 30.Bxd5 Rxd5 31.Kd2 Rb4 32.Rgc1 Rd6 33.Ra1 Rb3 34.
Kc1 Rd5 35.Rc4 f4 36.Kc2 Rd3 37.Rc3 Rxc3+ 38.bxc3 fxe3 39.fxe3 Rf5 40.Kd2 
Rf2+ 41.Ke1 Rh2 42.Ra3 Rxh3 43.c4 g5 44.Rb3 Kc7 45.Kf2 Rf3+ 46.Ke2 g4 47.
Rb1 h5 48.Rh1 Rf5 49.Rh4 Kd6 50.Ke1 g3 51.Rh3 g2 0-1

[Event "WA State Championship"]
[Site "Legacy House, South Perth"]
[Date "2006.08.20"]
[Round "8"]
[White "Jahangirian, M"]
[Black "Garcia, M"]
[Result "1/2-1/2"]
[WhiteElo "1679"]
[BlackElo "1480"]
[ECO "B29"]
[EventDate "2006.07.02"]
[TimeControl "5400+60"]

1.e4 c5 2.Nf3 Nf6 3.Nc3 d5 4.exd5 Nxd5 5.Ne4 e6 6.Bc4 Nb6 7.Be2 Bd7 8.Ne5 
Be7 9.d3 Nc6 10.Nxd7 Nxd7 11.O-O Nf6 12.Bf3 Qc7 13.Nxf6+ gxf6 14.g3 O-O-O 
15.b3 Nd4 16.Bg2 h5 17.c3 Nb5 18.Bb2 h4 19.a4 Nd6 20.Qf3 hxg3 21.fxg3 Nf5 
22.a5 Rh7 23.a6 b6 24.Bc1 Bd6 25.Bf4 Bxf4 26.Qxf4 Qxf4 27.Rxf4 Rxd3 28.Rc1
Rh6 29.b4 Kc7 30.bxc5 bxc5 31.Rf2 Ne3 32.Be4 Rd6 33.Ra2 f5 34.Bf3 e5 35.
Be2 f6 36.Rb1 Rb6 37.Rxb6 Kxb6 38.Rb2+ Ka5 39.Rb7 c4 40.Rxa7 Rh8 41.Rf7 
Kxa6 42.Rxf6+ Kb5 43.Re6 Ng4 44.Bxg4 fxg4 45.Rxe5+ Ka4 46.Rg5 Kb3 47.Rxg4 
Kxc3 48.h4 Kd3 49.Rg7 Rc8 50.Kf2 c3 51.Rd7+ Ke4 52.Re7+ Kf5 53.Re1 c2 54.
Rc1 Kg4 55.Ke2 Kxg3 56.h5 Rh8 57.Rxc2 Rxh5 1/2-1/2

[Event "WA State Championship"]
[Site "Legacy House, South Perth"]
[Date "2006.08.20"]
[Round "8"]
[White "Markou, V"]
[Black "Saxon, M"]
[Result "0-1"]
[WhiteElo "1426"]
[BlackElo "1702"]
[ECO "C44"]
[EventDate "2006.07.02"]
[TimeControl "5400+60"]

1.e4 e5 2.Nf3 Nc6 3.d3 Bc5 4.c3 Nf6 5.g3 d6 6.Bg2 Bg4 7.O-O Qd7 8.a4 a5 9.
Re1 h6 10.Nbd2 Bh3 11.Bh1 Ng4 12.Re2 O-O 13.Nc4 f5 14.exf5 Rxf5 15.Ne3 Rf7
16.d4 exd4 17.cxd4 Ba7 18.Nc2 Raf8 19.Nh4 Nxf2 20.Rxf2 Rxf2 21.Bd5+ R8f7 
22.Bxf7+ Qxf7 0-1

[Event "WA State Championship"]
[Site "Legacy House, South Perth"]
[Date "2006.08.20"]
[Round "8"]
[White "Hessing, R"]
[Black "Klimczak, J"]
[Result "1/2-1/2"]
[WhiteElo "1607"]
[BlackElo "1379"]
[ECO "B01"]
[EventDate "2006.07.02"]
[TimeControl "5400+60"]

1.e4 d5 2.exd5 Qxd5 3.Nc3 Qa5 4.Bc4 Nf6 5.d3 Bg4 6.f3 Bh5 7.Ne2 e6 8.O-O 
c6 9.Nf4 Bg6 10.Qe2 Bc5+ 11.Be3 Bxe3+ 12.Qxe3 O-O 13.Rfe1 Nd5 14.Bxd5 cxd5
15.Nxg6 hxg6 16.Ne2 Nd7 17.Nd4 Qb6 18.Nb3 Qd6 19.d4 Rac8 20.c3 Rfe8 21.f4 
b6 22.Nd2 b5 23.a3 a5 24.Nb3 a4 25.Nd2 Nb6 26.Qf2 Nc4 27.Nxc4 bxc4 28.Re3 
Rb8 29.Rh3 f6 30.Rg3 Kf7 31.Qc2 f5 32.Qxa4 Rxb2 33.Rf1 Rb3 34.Qa7+ Re7 35.
Qa8 Re8 36.Qa7+ Qe7 37.Qxe7+ Rxe7 38.Ra1 Ra7 39.a4 Rb6 40.Re3 Rba6 41.Rae1
Rb7 42.Ra1 Rb5 43.Re2 Rb3 44.Re3 Ra5 45.Kf2 1/2-1/2

[Event "WA State Championship"]
[Site "Legacy House, South Perth"]
[Date "2006.08.20"]
[Round "8"]
[White "Balaji, S"]
[Black "Pavlovic, M"]
[Result "1/2-1/2"]
[WhiteElo "1134"]
[BlackElo "1697"]
[ECO "D43"]
[EventDate "2006.07.02"]
[TimeControl "5400+60"]

1.d4 d5 2.c4 e6 3.Nf3 c6 4.Nc3 Nf6 5.Bg5 Nbd7 6.e3 Be7 7.Bd3 h6 8.Bh4 O-O 
9.O-O dxc4 10.Bxc4 b5 11.Bd3 a6 12.Rc1 Bb7 13.Ne4 Nxe4 14.Bxe7 Qxe7 15.
Bxe4 Rac8 16.Nd2 Nf6 17.Bf3 Nd5 18.Nb3 Nb6 19.Na5 Nd5 20.Nxb7 Qxb7 21.Rc5 
Rc7 1/2-1/2

[Event "WA State Championship"]
[Site "Legacy House, South Perth"]
[Date "2006.08.20"]
[Round "8"]
[White "Laugery, B"]
[Black "O'Shaughnessy, D"]
[Result "1/2-1/2"]
[WhiteElo "1264"]
[BlackElo "1371"]
[ECO "C77"]
[EventDate "2006.07.02"]
[TimeControl "5400+60"]

1.e4 e5 2.Nf3 Nc6 3.Bb5 a6 4.Ba4 Nf6 5.d3 d6 6.h3 Be7 7.c3 b5 8.Bc2 Bb7 9.
O-O O-O 10.Re1 Qd7 11.Nbd2 Nd8 12.Nf1 c5 13.Ne3 Re8 14.Nf5 Bf8 15.Bg5 Ne6 
16.Qd2 Nxg5 17.Nxg5 d5 18.Qd1 dxe4 19.dxe4 Qxd1 20.Raxd1 Rad8 21.Ng3 Bd6 
22.Nf3 Bc7 23.Nh2 Nd7 24.Nhf1 Nb6 25.b3 Rxd1 26.Rxd1 Rd8 27.Rxd8+ Bxd8 28.
Ne3 g6 29.Kf1 Kf8 30.Kg1 Ke7 31.Kf1 Kd6 32.Ne2 Bc8 33.Nc1 Be6 34.Ke1 c4 
35.b4 h5 36.Ke2 h4 37.Ke1 Nd7 38.Bd1 Nf6 39.Bf3 Bc8 40.Ng4 Bb7 41.Nxf6 
Bxf6 42.Ne2 Bd8 43.Kf1 a5 44.a3 a4 45.Ke1 Bb6 46.Kf1 f5 47.exf5 Bxf3 48.
gxf3 gxf5 49.Kg2 Bd8 50.Kf1 Bg5 51.Ke1 Kd5 52.Kd1 Bf6 53.Ke1 Bd8 54.Kd1 
Bb6 55.Ke1 e4 56.Nf4+ Kd6 57.fxe4 fxe4 58.Ke2 Bd8 59.Kd1 Bf6 60.Ne2 Be5 
61.Ke1 Kd5 62.Kd2 Bf6 63.Ke1 e3 64.f3 Be5 65.Kd1 Ke6 66.Kc2 Kf5 67.Kd1 Ke6
1/2-1/2

[Event "WA State Championship"]
[Site "Legacy House, South Perth"]
[Date "2006.08.20"]
[Round "8"]
[White "Slack-Smith, B"]
[Black "Bailye, R"]
[Result "1/2-1/2"]
[WhiteElo "1309"]
[BlackElo "1143"]
[ECO "C33"]
[EventDate "2006.07.02"]
[TimeControl "5400+60"]

1.e4 e5 2.f4 exf4 3.Bc4 Ne7 4.Nc3 Nbc6 5.Nf3 Ng6 6.d4 Bb4 7.O-O d6 8.Nd5 
Ba5 9.Nxf4 Nxf4 10.Bxf4 O-O 11.c3 a6 12.Qc2 Ne7 13.e5 Bf5 14.Bd3 Bxd3 15.
Qxd3 Ng6 16.Bg3 dxe5 17.Nxe5 Nxe5 18.Bxe5 f6 19.Qc4+ Kh8 20.Bg3 b5 21.Qc5 
Bb6 22.Qb4 Rc8 23.Bf2 Qd7 24.Rfe1 Rce8 25.Kf1 a5 26.Qb3 c6 27.Qd1 a4 28.
Qf3 Ba5 29.a3 Bb6 30.Re3 Rxe3 31.Bxe3 Re8 32.Re1 Kg8 33.Ke2 Qd5 34.Qxd5+ 
cxd5 35.Kd3 f5 36.Rf1 g6 37.Bf4 Kf7 38.Rf3 h5 39.Be5 Bd8 40.h3 Ke6 41.g3 
g5 42.Re3 Be7 43.Kc2 Kf7 44.Rf3 Kg6 45.Re3 Bf8 46.Kd2 Bh6 47.Bf4 Re4 48.
Rxe4 fxe4 49.Be3 Kf5 50.Ke2 Bf8 51.Kf2 Bd6 52.Kg2 Be7 53.Kf2 Bf6 54.Kg2 
1/2-1/2

[Event "WA State Championship"]
[Site "Legacy House, South Perth"]
[Date "2006.08.20"]
[Round "8"]
[White "Sam, R"]
[Black "Sainsbury, G"]
[Result "1-0"]
[WhiteElo "1091"]
[BlackElo "1242"]
[ECO "B50"]
[EventDate "2006.07.02"]
[TimeControl "5400+60"]

1.e4 c5 2.Nf3 Nf6 3.Nc3 d6 4.Bc4 e6 5.d3 Be7 6.Bf4 O-O 7.Qe2 a6 8.a3 b5 9.
Ba2 Bb7 10.e5 dxe5 11.Bxe5 Nbd7 12.Bg3 Re8 13.O-O Rc8 14.Rfe1 Qb6 15.Rad1 
Bf8 16.Ne4 Nh5 17.h3 Nxg3 18.Nxg3 Nf6 19.Ne4 Be7 20.Nxf6+ Bxf6 21.c3 Red8 
22.Ne5 Qc7 23.Ng4 Be7 24.Ne5 Rd6 25.Qe3 Rcd8 26.Qg3 Bf6 27.Ng4 Kh8 28.Nxf6
gxf6 29.Qh4 Qe7 30.Bb1 Rg8 31.g4 Rg7 32.Re5 Rg5 33.d4 h5 34.Rxg5 fxg5 35.
Qxh5+ Kg7 36.Qh7+ 1-0